 Dungeon Crawl Stone Soup version 0.17-a0-2208-ge5ab1d3 (webtiles) character file.

808 Duffy the Cleaver (level 7, 60/60 HPs)
             Began as a Minotaur Fighter on Oct 26, 2015.
             Quit the game on level 5 of the Dungeon.
             The game lasted 00:06:16 (4601 turns).

Duffy the Cleaver (Minotaur Fighter)                Turns: 4601, Time: 00:06:16

Health: 60/60      AC: 14    Str: 27    XL:     7   Next: 60%
Magic:  6/6        EV:  7    Int:  5    God:
Gold:   7          SH: 10    Dex: 14    Spells: 0 memorised, 6 levels left

rFire  . . .     SeeInvis .     a - +0 war axe
rCold  . . .     Clarity  .     i - +0 chain mail
rNeg   + . .     SustAt   .     c - +0 shield
rPois  .         Gourm    .     (helmet restricted)
rElec  .         Spirit   .     v - +0 cloak
rCorr  .         Warding  .     f - +1 pair of gloves
rMut   .         Stasis   .     x - +0 pair of boots "Dodwye" {rN+ Str+4 Dex+5} (curse)
MR     +....                    (no amulet)
Stlth  ..........               s - ring of protection from magic
                                (no ring)

@: somewhat resistant to hostile enchantments, extremely unstealthy
A: retaliatory headbutt, horns 2
a: no special abilities


You were on level 5 of the Dungeon.
You were not hungry.

You visited 1 branch of the dungeon, and saw 5 of its levels.

You collected 273 gold pieces.
You spent 266 gold pieces at shops.


Innate Abilities, Weirdness & Mutations

You reflexively headbutt those who attack you in melee.
You have a pair of horns on your head.


   Skills:
 + Level 4.8 Fighting
 + Level 8.8 Axes
 + Level 4.9 Armour
 + Level 2.8 Dodging
 - Level 3.6 Shields


You had 6 spell levels left.
You didn't know any spells.

Inventory:

Hand Weapons
 a - a +0 war axe (weapon)
Missiles
 l - 8 curare-tipped needles
Armour
 c - a +0 shield (worn)
 f - a +1 pair of gloves (worn)
 i - a +0 chain mail (worn)
 v - a +0 cloak (worn)
 x - the cursed +0 pair of boots "Dodwye" (worn) {rN+ Str+4 Dex+5}

   It affects your strength (+4).
   It affects your dexterity (+5).
   It protects you from negative energy.
   It has a curse placed upon it.
Jewellery
 s - a ring of protection from magic (right hand)
Wands
 j - a wand of slowing (23)
 m - a wand of draining (9)
Scrolls
 n - a scroll of teleportation
 r - 2 scrolls of enchant armour {unknown}
 y - 2 scrolls of identify {unknown}
Potions
 d - a potion of might
 g - 4 potions of curing {unknown}
 h - 2 potions of agility {unknown}
 k - a potion of degeneration {unknown}
 o - a potion of lignification {unknown}
 p - a potion of haste {unknown}
 q - a potion of invisibility {unknown}
 t - a potion of poison {unknown}
 u - a potion of cancellation {unknown}
Comestibles
 b - a meat ration
 e - 4 bread rations
 w - a beef jerky

Dungeon Overview and Level Annotations

Branches:
Dungeon (5/15)
 Temple: D:4-7

Altars:
Elyvilon
Nemelex Xobeh

Shops:
D:5 ([


Message History

Your shield and chain mail prevent you from hitting the ogre.
The ogre is moderately wounded.
You block the ogre's attack.
You slash the ogre! You headbutt the ogre!
The ogre is almost dead.
You block the ogre's attack.
You hit the ogre.
You kill the ogre!
No target in view!
No target in view!
No target in view!
No target in view!
No target in view!
No target in view!
No target in view!
No target in view!
No target in view!
No target in view!
There is an entrance to Vanipe's Weapon Shop here.
You see here a giant club.
Unknown command.
You open the door.
There is an open door here.
You open the door.
Found Iryush's Antique Armour Shop.
There is an open door here.
There is an entrance to Iryush's Antique Armour Shop here.
x - a pair of slimy boots Thank you for shopping at Iryush's Antique Armour Shop!
Wear which item? (? for menu, Esc to quit)
You start putting on your armour.
You continue putting on your pair of slimy boots. x4
You finish putting on the cursed +0 pair of boots "Dodwye" {rN+ Str+4 Dex+5}.
Oops, that feels deathly cold.
Are you sure you want to abandon this character and quit the game? (Confirm with "yes".)

............
............
............
...............#
...............#
...#'#####+#...#+#
...#.#..#..#...+.#
...+.'..#..+...#.#
...#.#..+..#...#@#
#+##.##.##'#...#'##
.##.##.##.##.....#
#...........'.....#
+...........#.#'#.#
#+##........#.+∩'.#
#.#####..#.#'#.# #+
#..#.....#
...#.....#


There were no monsters in sight!

Action                   |  1- 3 |  4- 6 |  7- 9 || total
-------------------------+-------+-------+-------++-------
Melee: War axe           |    86 |   173 |    28 ||   287
  Use: Scroll            |       |     5 |       ||     5
 Stab: Invisible         |       |     1 |       ||     1
  Eat: Chunk             |     1 |     9 |     2 ||    12

Notes
Turn   | Place    | Note
--------------------------------------------------------------
     0 | D:1      | Duffy the Minotaur Fighter began the quest for the Orb.
     0 | D:1      | Reached XP level 1. HP: 19/19 MP: 0/0
    88 | D:1      | Reached skill level 3 in Axes
   292 | D:1      | Reached XP level 2. HP: 26/26 MP: 1/1
   423 | D:1      | Reached skill level 4 in Axes
   640 | D:1      | Reached XP level 3. HP: 29/31 MP: 2/2
   811 | D:2      | Found a white marble altar of Elyvilon.
   869 | D:2      | Noticed Terence
   884 | D:2      | Killed Terence
   884 | D:2      | Reached skill level 5 in Axes
  1167 | D:2      | Reached XP level 4. HP: 36/39 MP: 3/3
  1762 | D:3      | Noticed Jessica
  1780 | D:3      | Killed Jessica
  1780 | D:3      | Reached skill level 6 in Axes
  1997 | D:3      | Reached XP level 5. HP: 45/45 MP: 4/4
  2624 | D:3      | Reached skill level 7 in Axes
  2678 | D:3      | Found a sparkling altar of Nemelex Xobeh.
  3209 | D:4      | Reached XP level 6. HP: 43/51 MP: 5/5
  3410 | D:4      | Reached skill level 8 in Axes
  3435 | D:4      | Noticed Crazy Yiuf
  3441 | D:4      | Killed Crazy Yiuf
  3550 | D:4      | Reached skill level 4 in Armour
  3718 | D:4      | Reached skill level 1 in Dodging
  3941 | D:4      | Noticed Sigmund
  4120 | D:4      | Reached skill level 4 in Fighting
  4210 | D:4      | Killed Sigmund
  4210 | D:4      | Reached skill level 2 in Dodging
  4210 | D:4      | Reached XP level 7. HP: 39/60 MP: 6/6
  4331 | D:5      | Entered Level 5 of the Dungeon
  4475 | D:5      | Found Vanipe's Weapon Shop.
  4593 | D:5      | Found Iryush's Antique Armour Shop.
  4596 | D:5      | Bought a pair of slimy boots for 266 gold pieces
  4601 | D:5      | Identified the cursed +0 pair of boots "Dodwye" {rN+ Str+4 Dex+5} (You bought it in a shop on level 5 of the Dungeon)
  4601 | D:5      | Quit the game

Vault maps used:
D:1:      minmay_arrival_five_plusses
D:2:      elyvilon_altar_1, uniq_terence
D:3:      forest_paths, first_bread, nemelex_lonely_heart_becter, uniq_jessica
D:4:      uniq_crazy_yiuf_cottage, uniq_sigmund
D:5:      grunt_temple_overflow_diamond, minmay_temple_entry_overgrown,
          serial_shops, shop, nicolae_shop_behind_doors, shop,
          nicolae_shop_competitors_out_of_business, shop

Vanquished Creatures
  Sigmund
  2 ogres
  A scorpion Crazy Yiuf
  3 orc wizards Jessica
  An iguana Terence
  2 worker ants
  5 gnolls
  5 adders
  3 oozes
  An adder skeleton
  3 worms
  2 giant geckos
  13 orcs
  3 giant cockroaches
  6 hobgoblins
  11 jackals
  6 kobolds
  4 ball pythons
  12 bats
  5 giant newts
  5 goblins
  A quokka zombie
  9 rats
107 creatures vanquished.
